 Dungeon Crawl Stone Soup version 0.30-a0-586-g23e55c9e0a (webtiles) character file.

Game seed: 4835158025346655799

478 Carabas the Shield-Bearer (level 7, -1/37 HPs)
             Began as a Vine Stalker Fighter on Jan 2, 2023.
             Was a Believer of Dithmenos.
             Slain by a gnoll
             ... wielding a +0 flail
             ... led by a gnoll sergeant
              (4 damage)
             ... on level 5 of the Dungeon on Jan 3, 2023.
             The game lasted 00:13:12 (4286 turns).

Carabas the Shield-Bearer (Vine Stalker Fighter)    Turns: 4286, Time: 00:13:13

Health: -1/37      AC: 12    Str: 20    XL:     7   Next: 11%
Magic:  0/8        EV:  7    Int: 12    God:    Dithmenos [**....]
Gold:   212        SH:  5    Dex: 12    Spells: 6/6 levels left

rFire   . . .      SeeInvis .    a - +2 trident
rCold   . . .      Faith    .    c - +0 buckler
rNeg    . . .      Spirit   +    l - +0 storm dragon scales
rPois   .          Reflect  .    (helmet restricted)
rElec   +          Harm     .    (no cloak)
rCorr   .          Rampage  .    w - +0 pair of gloves
Will    .....                    (no boots) Stlth
                                 (no amulet)
HPRegen 1.06/turn                (no ring)
MPRegen 0.11/turn                (no ring)

@: wreathed by umbra
A: fangs 2, regeneration 1, magic shield, antimagic bite, no potion heal 2,
horns 1, clever 1
a: Renounce Religion, Shadow Step


You were on level 5 of the Dungeon.
You worshipped Dithmenos.
Dithmenos was pleased with you.
You visited 2 branches of the dungeon, and saw 6 of its levels.

You collected 356 gold pieces.
You spent 144 gold pieces at shops.

Inventory:

Hand Weapons
 a - a +2 trident (weapon)
 h - a +0 spear
 i - a +0 halberd
 x - a +0 long sword of holy wrath
Missiles
 q - 5 poisoned darts (quivered)
 A - 3 curare-tipped darts
Armour
 c - a +0 buckler (worn)
 l - +0 storm dragon scales (worn)
 w - a +0 pair of gloves (worn)
Scrolls
 f - a scroll of silence {unknown}
 g - a scroll of acquirement {unknown}
 k - 5 scrolls of identify
 m - 2 scrolls of immolation
 r - a scroll of amnesia {unknown}
 v - a scroll of blinking {unknown}
 y - a scroll of teleportation {unknown}
 z - a scroll of fear {unknown}
Potions
 b - a potion of mutation
 d - a potion of might
 n - a potion of heal wounds
 s - 3 potions of flight
 t - a potion of brilliance
 u - 2 potions of degeneration


   Skills:
 + Level 4.2 Fighting
 + Level 3.6 Polearms
 + Level 3.8 Armour
 + Level 4.2 Shields


You had 6 spell levels left.
You didn't know any spells.
Your spell library contained the following spells:

 Spells                   Type           Power      Damage    Failure   Level
 Beastly Appendage        Tmut           0%         N/A       99%         1
 Ensorcelled Hibernation  Hex/Ice        0%         N/A       100%        2
 Passwall                 Tmut/Erth      0%         N/A       100%        2
 Wereblood                Tmut           0%         N/A       100%        2
 Dazzling Flash           Conj/Hex       0%         N/A       100%        3
 Spider Form              Tmut/Pois      0%         N/A       100%        3
 Swiftness                Air            0%         N/A       100%        3
 Summon Lightning Spire   Summ/Air       0%         N/A       100%        4
 Agony                    Necr           0%         N/A       100%        5
 Silence                  Hex/Air        0%         N/A       100%        5
 Storm Form               Tmut/Air       0%         N/A       100%        7
 Maxwell's Capacitive Co  Air            0%         ∞         100%        8


Dungeon Overview and Level Annotations

Branches:
Dungeon (5/15)             Temple (1/1) D:5

Altars:
Ashenzari
Cheibriados
Dithmenos
Elyvilon
Fedhas
Gozag
Kikubaaqudgha
Makhleb
Okawaru
Qazlal
Ru
Sif Muna
Trog
Uskayaw
Wu Jian
Xom
Yredelemnul
Zin
The Shining One

Shops:
D:1 *   D:3 !


Innate Abilities, Weirdness & Mutations

You have extremely sharp teeth.
Your natural rate of healing is unusually fast.
When hurt, damage is shared between your health and your magic reserves.
Your bite disrupts and absorbs the magic of your enemies.
Potions cannot restore your health.
You have a pair of small horns on your head.
Your mind is acute. (Int +4, Str/Dex -1)


Message History

Something tries to affect you, but you resist.
Something hits you but does no damage. The orc hits you with a +0 falchion.
The gnoll sergeant hits you but does no damage.
The gnoll hits you but does no damage.
The gnoll hits you from afar with a +0 spear.
You barely miss the orc.
The gnoll hits you from afar with a +0 spear.
You block the gnoll's attack.
The gnoll sergeant hits you from afar with a +4 trident of flaming.
The gnoll sergeant burns you. The orc hits you with a +0 falchion.
You hear some strange, mumbled words.
A puff of flame appears from out of thin air!
The puff of flame hits you.
You are too injured to fight recklessly!
You are too injured to fight recklessly!
You block the gnoll's attack. The gnoll hits you but does no damage.
The gnoll sergeant hits you from afar with a +4 trident of flaming.
The gnoll sergeant burns you.
The gnoll hits you from afar with a +0 spear!
* * * LOW HITPOINT WARNING * * *
The gnoll sergeant closely misses you.
You see here a There-And-Back Book.
The orc attacks as you move away! The orc barely misses you.
You block something's attack.
The gnoll sergeant hits you from afar with a +4 trident of flaming.
* * * LOW HITPOINT WARNING * * *
The gnoll sergeant burns you.
* * * LOW HITPOINT WARNING * * *
The gnoll hits you with a +0 flail.
* * * LOW HITPOINT WARNING * * *
The orc attacks as you move away! You block the orc's attack.
The gnoll attacks as you move away! The gnoll barely misses you.
The gnoll attacks as you move away! The gnoll hits you with a +0 flail.
* * * LOW HITPOINT WARNING * * *
Found a stone staircase leading up.
You barely miss the gnoll. You bite the gnoll. You drain its power.
You feel invigorated.
The gnoll is lightly wounded.
The gnoll hits you with a +0 flail.
You die...

## #<### # #.....#..
#.#.#.#.# ###
#.#.#@#.#....
#.#.#g#.#..#
#.#..g.....#
#.#..:gg.####
#.....g......
#######.....)..####
##..................
#>...........<......
#.###...#....#######


You could see a gnoll sergeant and 4 gnolls.

Vanquished Creatures
  An ogre (D:5)
  A necrophage (D:4)
  A scorpion (D:5)
  A hound (D:4)
  A jelly (D:3)
  An iguana (D:5)
  An orc wizard (D:5)
  7 gnolls (D:4)
  2 adders
  3 dart slugs
  3 orcs
  11 endoplasms
  4 giant cockroaches
  3 goblins
  7 hobgoblins
  3 jackals (D:1)
  7 kobolds
  2 quokkas
  6 ball pythons
  2 bats
  6 frilled lizards
  5 rats
78 creatures vanquished.

Notes
Turn   | Place    | Note
-------+----------+-------------------------------------------
     0 | D:1      | Carabas the Vine Stalker Fighter began the quest for the
                  | Orb.
     0 | D:1      | Reached XP level 1. HP: 11/11 MP: 2/2
     0 | D:1      | Upgraded the game from 0.30-a0-585-g93115170b9 to
                  | 0.30-a0-586-g23e55c9e0a
     2 | D:1      | You fall into a shaft and drop 1 floor!
    79 | D:2      | Reached XP level 2. HP: 11/16 MP: 3/3
   864 | D:2      | Found a shadowy altar of Dithmenos.
   953 | D:2      | Reached XP level 3. HP: 20/20 MP: 4/4
  1125 | D:2      | Became a worshipper of Dithmenos the Shadowed
  1561 | D:1      | Found Tewnaimm's General Store.
  1569 | D:1      | Bought a scroll of immolation for 40 gold pieces
  2127 | D:3      | Found an ornate altar of the Wu Jian Council.
  2290 | D:3      | Gained mutation: Your natural rate of healing is unusually
                  | fast. [Vine Stalker growth]
  2290 | D:3      | Reached XP level 4. HP: 22/24 MP: 3/5
  2368 | D:3      | Found Joutucec's Distillery.
  2374 | D:3      | Bought a potion of flight for 39 gold pieces
  2374 | D:3      | Bought a potion of brilliance for 52 gold pieces
  2374 | D:3      | Bought a potion of degeneration for 13 gold pieces
  2404 | D:3      | Reached * piety under Dithmenos
  2763 | D:3      | Found an ancient bone altar of Kikubaaqudgha.
  3138 | D:4      | Noticed a necrophage
  3149 | D:4      | Killed a necrophage
  3150 | D:4      | Reached XP level 5. HP: 26/28 MP: 3/6
  3390 | D:4      | Reached XP level 6. HP: 33/33 MP: 4/7
  3733 | D:4      | Found a glowing silver altar of Zin.
  3836 | D:5      | Entered Level 5 of the Dungeon
  3992 | D:5      | Found a staircase to the Ecumenical Temple.
  4004 | Temple   | Entered the Ecumenical Temple
  4222 | D:5      | HP: 1/33 [poisoned by a scorpion]
  4224 | D:5      | Gained mutation: You have a pair of small horns on your
                  | head. [potion of mutation]
  4224 | D:5      | Gained mutation: Your mind is acute. (Int +4, Str/Dex -1)
                  | [potion of mutation]
  4227 | D:5      | Reached ** piety under Dithmenos
  4228 | D:5      | Reached XP level 7. HP: 2/37 MP: 8/8
  4228 | D:5      | HP: 2/55 [poisoned by a scorpion]
  4285 | D:5      | HP: 1/37 [gnoll/+0 flail[a gnoll sergeant] (1)]
  4286 | D:5      | Slain by a gnoll

Illustrated notes

Levels and vault maps discovered:
D:1:      lemuel_arrival_behind_the_door_small, layout_basic, serial_shops, shop
D:2:      layout_basic, basic_altar, grunt_ministairs_12
D:3:      layout_loops_ring, nicolae_overflow_hidden_temple, serial_shops,
          nicolae_shop_stone, serial_bayou_ford_a, palyth_stone_intersect,
          minivault_4, nicolae_concentric_dashed_squares_mild
D:4:      layout_loops_ring, mainiacjoe_overflow_catwalk, minmay_liquid_box
D:5:      layout_basic, temple_doors_e, uniq_grinder
Temple:   eino_temple_rhombus

Skill      XL: |  1  2  3  4  5  6 |
---------------+-------------------+-----
Polearms       | 2 3 |  3.6
Shields        | 3 4 |  4.2
Fighting       | 3 4 |  4.2
Armour         | 3 |  3.8

Action                   |  1- 3 |  4- 6 |  7- 9 || total
-------------------------+-------+-------+-------++-------
Melee: Trident           |   104 |   110 |    10 ||   224
       Bite              |    15 |    28 |     1 ||    44
       Headbutt          |       |       |     1 ||     1
  Use: Potion            |       |     4 |     1 ||     5
       Scroll            |       |       |     3 ||     3
Armor: Scale mail        |    21 |       |       ||    21
       Storm dragon scal |    10 |    52 |    12 ||    74
Dodge: Dodged            |    36 |    28 |     7 ||    71
Block: Buckler           |    23 |    18 |     7 ||    48

Table legend: (Time is in decaauts)
 A = Elapsed time spent in this place.
 B = Non-inter-level travel time spent in this place.
 C = Inter-level travel time spent in this place.
 D = Time resting spent in this place.
 E = Time spent auto-exploring this place.
 F = Levels seen in this place.
 G = Mean time per level.
                   A        B        C        D        E       F      G
               +--------+--------+--------+--------+--------+-----+--------+
         Total |   4356 |   3844 |    512 |      0 |   3237 |   6 |  726.0 |
       Dungeon |   4188 |   3694 |    494 |      0 |   3101 |   5 |  837.6 |
        Temple |    167 |    149 |     18 |      0 |    136 |   1 |  167.0 |
               +--------+--------+--------+--------+--------+-----+--------+

Top non-repeatable levels by time:
     D:2: 1427 daAuts
     D:3: 1000 daAuts
     D:4: 759 daAuts
     D:1: 702 daAuts
     D:5: 298 daAuts
  Temple: 167 daAuts
